Map: Opérations galactiques EC

Players

zidar - Winner!

  • Race: Zerg Zerg
  • League: Platinum
  • Spawn Location: 7:00

Spike

  • Race: Zerg Zerg
  • League: Platinum
  • Spawn Location: 1:00

VOD

Have the link to the VOD?

Description

Time

  • Played on: Oct. 20, 2016, 2:18 p.m.
  • Length: 3:50
Show
View Real Time Build Order
Export as new Build Order

zidar Zerg - Winner!

Build Orders: 1 Base Baneling Bust, Pool Only 

Get SALT Encoding   

  12  0:01  Drone  
  13  0:12  Drone  
  14  0:16  Extractor, Drone  
  14  0:36  Spawning Pool  
  14  0:38  Drone  
  14  0:48  Overlord  
  14  0:58  Overlord  
  14  1:22  Queen  
  14  1:24  Zergling x2  
  14  1:25  Zergling x2  
  18  1:27  Zergling x2  
  19  1:34  Metabolic Boost  
  19  1:39  Zergling x2  
  20  1:50  Zergling x2  
  21  2:06  Zergling x2  
  22  2:19  Zergling x4  
  22  2:20  Baneling Nest  
  23  2:32  Zergling x8  
  27  3:02  Overlord x2  
  27  3:14  Zergling x6  
Show
View Real Time Build Order
Export as new Build Order

Spike Zerg 

Build Orders: Hatch First 

Get SALT Encoding   

  12  0:01  Drone  
  13  0:13  Overlord  
  13  0:21  Drone  
  14  0:32  Drone x2  
  16  0:41  Drone  
  17  0:53  Hatchery  
  17  0:57  Drone  
  17  1:13  Spawning Pool  
  17  1:15  Drone  
  17  1:18  Extractor, Drone  
  17  1:30  Drone  
  17  1:31  Drone  
  19  1:39  Overlord  
  19  2:03  Evolution Chamber  
  19  2:05  Drone x2  
  19  2:07  Drone  
  21  2:12  Zergling x2  
  22  2:16  Zergling x2  
  22  2:21  Queen  
  25  2:23  Queen  
  27  2:34  Drone  
  27  2:35  Drone x2  
  30  2:41  Zergling x2  
  30  2:44  Spine Crawler  
  30  2:51  Zergling x2  
  30  2:52  Zergling x2  
  32  3:01  Zergling x2  
  32  3:05  Zergling x2  
  34  3:11  Baneling Nest  
  36  3:23  Zergling x2  
  31  3:27  Zergling x2  
  31  3:30  Zergling x2  
Tags
 
Add a new tag
Caveats
  • Supply blocks, unpowered buildings, or Contaminate may cause inaccurate times.
  • Supply counts are checked every 10 seconds.